 Dungeon Crawl Stone Soup version 0.31-a0-208-gdb31a4691d (webtiles) character file.

Game seed: 14209007432101048097

861 innerfire43 the Trooper (level 7, -5/57 HPs)
             Began as a Demonspawn Monk on June 28, 2023.
             Was an Elder of Jiyva.
             Slain by a wight
             ... wielding a +0 falchion
              (10 damage)
             ... on level 5 of the Dungeon.
             The game lasted 00:04:10 (3425 turns).

innerfire43 the Trooper (Demonspawn Monk)           Turns: 3425, Time: 00:04:10

Health: -5/57      AC:  2    Str: 11    XL:     7   Next: 71%
Magic:  6/9        EV: 16    Int:  9    God:    Jiyva [****..]
Gold:   21         SH:  4    Dex: 24    Spells: 6/6 levels left

rFire   + . .        a - +0 mace
rCold   x . .        d - orb {light}
rNeg    . . .        b - +0 robe
rPois   .            (helmet unavailable)
rElec   .            (no cloak)
rCorr   +            (no gloves)
SInv    .            (no boots)
Will    .....        h - amulet of the acrobat
Stlth   +            j - ring of fire
HPRegen 1.57/turn    (no ring)
MPRegen 0.51/turn

%: acrobat, clarity
@: mighty, calling ooze, glowing
A: horns 3, large bone plates 1, powered by pain 1, agile 2, clarity, high MP 3
a: Renounce Religion, Oozemancy, Slimify


You were on level 5 of the Dungeon.
You worshipped Jiyva.
Jiyva was greatly pleased with you.
You visited 1 branch of the dungeon, and saw 5 of its levels.

You collected 164 gold pieces.
You spent 143 gold pieces at shops.

Inventory:

Hand Weapons
 a - a +0 mace (weapon)
Armour
 b - a +0 robe (worn)
 d - an orb of light (worn)
Jewellery
 h - an amulet of the acrobat (around neck)
 j - a ring of fire (left hand)
 p - a ring of positive energy
Scrolls
 e - 3 scrolls of identify
 l - 3 scrolls of enchant weapon
 m - a scroll of poison {unknown}
 o - a scroll of acquirement {unknown}
Potions
 c - 2 potions of ambrosia
 f - a potion of brilliance {unknown}
 g - a potion of magic {unknown}
 i - a potion of haste {unknown}
 k - 2 potions of curing
 n - 2 potions of heal wounds


   Skills:
 + Level 5.9 Fighting
 + Level 5.3 Maces & Flails
 + Level 5.3 Dodging


You had 6 spell levels left.
You didn't know any spells.
Your spell library contained the following spells:

 Spells                   Type           Power      Damage    Failure   Level
 Ensorcelled Hibernation  Hex/Ice        0%         N/A       52%         2
 Spider Form              Tmut/Pois      0%         N/A       77%         3
 Anguish                  Hex/Necr       0%         N/A       99%         4


Dungeon Overview and Level Annotations

Branches:
Dungeon (5/15)
 Temple: D:4-7

Altars:
Ru
Wu Jian
Xom
Jiyva

Shops:
D:4 !


Innate Abilities, Weirdness & Mutations

You have a pair of large horns on your head.
You are partially covered in large bone plates. (SH +4)
You sometimes gain a little power by taking damage.
You are very agile. (Dex +8, Str/Int -2)
You possess an exceptional clarity of mind.
You have a greatly increased reservoir of magic. (+30% MP)


Message History

A wight comes into view. It is wielding a +0 falchion.
The acid dragon closely misses you. The acid dragon completely misses you.
Unknown command.
You sock the acid dragon!
You kill the acid dragon!
A sleepcap comes into view.
Unknown command.
Unknown command.
You block the ogre's attack.
A wight comes into view. It is wielding a +0 short sword.
You hit the ogre. You headbutt the ogre!
The ogre is heavily wounded.
The ogre hits you with a +0 giant club!
You hit the ogre but do no damage.
The ogre is heavily wounded.
The wight hits you but does no damage.
You hit the ogre.
The ogre is severely wounded.
The wight barely misses you. The ogre misses you.
A wight comes into view. It is wielding a +0 battleaxe.
Unknown command.
You hit the ogre.
The ogre is almost dead.
The wight closely misses you.
The ogre hits you with a +0 giant club!!
Ouch! That really hurt!
* * * LOW HITPOINT WARNING * * *
You focus on the pain.
You feel very mighty all of a sudden.
A hound comes into view.
The wight hits you with a +0 falchion!
* * * LOW HITPOINT WARNING * * *
The hound barks!
Jiyva says: Divide and consume!
Activating: Oozemancy (5% risk of failure)
Press: ? - help, Dir - look around, f - activate Look: a sleepcap (haloed) Slime begins to ooze from the nearby walls!
The walls burn the wight!
The wight hits you with a +0 falchion!
You die...

.....# .....#
....# #...# #
#...# <#
..#####...##.####
.hz.zfz.........+
#O@.....####
#..........+
##...#+#####
..(#...#.#
#........#
#+#####..######
.............#
..(........#.#
...........#.###


You could see an ogre, a sleepcap, a hound and 3 wights.

Vanquished Creatures
  Grinder (D:4)
  The ghost of dialectric the Trooper, an amateur DsFi (D:3)
  An acid dragon (D:5)
  2 ogres
  2 phantoms (D:5)
  A hound (D:4)
  An iguana (D:4)
  3 gnolls (D:2)
  2 adders
  A shadow imp (D:5)
  An ufetubus (D:4)
  A worm (D:2)
  2 dart slugs
  4 orcs
  5 ball pythons
  An endoplasm (D:1)
  5 giant cockroaches
  7 hobgoblins
  7 jackals (D:1)
  3 kobolds
  A quokka (D:4)
  2 bats (D:2)
  5 frilled lizards
  7 goblins
  3 rats
69 creatures vanquished.

Vanquished Creatures (others)
  A jelly (D:5)
  An orc priest (D:5)
  2 adders
  4 orcs
  An endoplasm (D:2)
  A goblin (D:3)
  2 ball pythons (D:3)
12 creatures vanquished.

Grand Total: 81 creatures vanquished

Notes
Turn   | Place    | Note
-------+----------+-------------------------------------------
     0 | D:1      | innerfire43 the Demonspawn Monk began the quest for the
                  | Orb.
     0 | D:1      | Reached XP level 1. HP: 18/18 MP: 1/1
   154 | D:1      | Gained mutation: You have a pair of small horns on your
                  | head. [demonic ancestry]
   154 | D:1      | Reached XP level 2. HP: 24/24 MP: 2/2
   196 | D:1      | Found a faded altar of an unknown god.
   218 | D:1      | Prayed at the altar of an unknown god.
   218 | D:1      | Became a worshipper of Jiyva Jewugonk the Shapeless
   218 | D:1      | Reached * piety under Jiyva
   218 | D:1      | Reached ** piety under Jiyva
   297 | D:1      | Reached *** piety under Jiyva
   499 | D:1      | Gained mutation: You possess an exceptional clarity of
                  | mind. [Jiyva's grace]
   499 | D:1      | Gained mutation: You have an increased reservoir of magic.
                  | (+10% MP) [Jiyva's grace]
   499 | D:1      | Gained mutation: You have a considerably increased
                  | reservoir of magic. (+20% MP) [Jiyva's grace]
   499 | D:1      | Gained mutation: You have a greatly increased reservoir of
                  | magic. (+30% MP) [Jiyva's grace]
   963 | D:2      | Reached XP level 3. HP: 24/29 MP: 3/3
  1004 | D:2      | Reached **** piety under Jiyva
  1199 | D:2      | Reached XP level 4. HP: 12/37 MP: 5/5
  1819 | D:3      | Found a transporter.
  1820 | D:3      | Noticed dialectric's ghost (amateur DsFi)
  1821 | D:3      | Noticed an ogre
  1825 | D:3      | Noticed an ogre
  1979 | D:3      | Reached ***** piety under Jiyva
  2131 | D:3      | Found a transporter.
  2188 | D:3      | Slimified an ogre
  2188 | D:3      | an ogre changed into a jelly
  2193 | D:3      | Killed an ogre
  2194 | D:3      | Reached XP level 5. HP: 38/42 MP: 1/6
  2194 | D:3      | Killed dialectric's ghost
  2195 | D:3      | Gained mutation: You sometimes gain a little power by
                  | taking damage. [demonic ancestry]
  2195 | D:3      | Reached XP level 6. HP: 47/49 MP: 1/7
  2267 | D:4      | Noticed Grinder
  2297 | D:4      | Killed Grinder
  2298 | D:4      | Reached skill level 5 in Fighting
  2298 | D:4      | Gained mutation: You are partially covered in large bone
                  | plates. (SH +4) [demonic ancestry]
  2298 | D:4      | Reached XP level 7. HP: 22/56 MP: 9/9
  2704 | D:4      | Found an ornate altar of the Wu Jian Council.
  2718 | D:4      | Found a shimmering altar of Xom.
  2996 | D:4      | Found a sacrificial altar of Ru.
  3129 | D:4      | Gained mutation: You have a pair of horns on your head.
                  | [Jiyva's grace]
  3129 | D:4      | Gained mutation: You have a pair of large horns on your
                  | head. [Jiyva's grace]
  3129 | D:4      | Gained mutation: You are agile. (Dex +4, Str/Int -1)
                  | [Jiyva's grace]
  3129 | D:4      | Gained mutation: You are very agile. (Dex +8, Str/Int -2)
                  | [Jiyva's grace]
  3157 | D:4      | Found Bant's Distillery.
  3160 | D:4      | Bought a potion of heal wounds for 55 gold pieces
  3160 | D:4      | Bought a potion of curing for 33 gold pieces
  3160 | D:4      | Bought a potion of heal wounds for 55 gold pieces
  3181 | D:5      | Entered Level 5 of the Dungeon
  3363 | D:5      | Reached skill level 5 in Maces & Flails
  3363 | D:5      | Reached skill level 5 in Dodging
  3425 | D:5      | Slain by a wight

Illustrated notes

Levels and vault maps discovered:
D:1:      lemuel_arrival_funnel, layout_basic,
          hellmonk_ecumenical_altar_pennies_from_heaven, minmay_fountain_box,
          minmay_misc_feat_plants, minmay_tree_intersection
D:2:      layout_basic
D:3:      layout_rooms, gammafunk_ghost_smash
D:4:      layout_basic, mainiacjoe_overflow_catwalk_spiral,
          gammafunk_temple_overflow_elements, serial_shops, shop, uniq_grinder
D:5:      layout_basic, lightli_temple_of_fire

Skill      XL: |  1  2  3  4  5  6  7 |
---------------+----------------------+-----
Maces & Flails | 3 4 5 |  5.3
Dodging        | 3 4 5 |  5.3
Fighting       | 4 5 |  5.9

Action                     |  1- 3 |  4- 6 |  7- 9 || total
---------------------------+-------+-------+-------++-------
  Melee: Mace              |    74 |    77 |    60 ||   211
         Headbutt          |     9 |    19 |    11 ||    39
 Invoke: Oozemancy         |       |     1 |     1 ||     2
         Slimify           |       |     1 |       ||     1
    Use: Scroll            |       |     2 |       ||     2
 Armour: Robe              |    12 |    14 |     2 ||    28
  Dodge: Dodged            |    87 |    79 |    44 ||   210
  Block: Orb               |       |       |     8 ||     8

Table legend: (Time is in decaauts)
 A = Elapsed time spent in this place.
 B = Non-inter-level travel time spent in this place.
 C = Inter-level travel time spent in this place.
 D = Time resting spent in this place.
 E = Time spent auto-exploring this place.
 F = Levels seen in this place.
 G = Mean time per level.
                   A        B        C        D        E       F      G
               +--------+--------+--------+--------+--------+-----+--------+
         Total |   3472 |   3406 |     66 |      0 |   2816 |   5 |  694.4 |
       Dungeon |   3472 |   3406 |     66 |      0 |   2816 |   5 |  694.4 |
               +--------+--------+--------+--------+--------+-----+--------+

Top non-repeatable levels by time:
     D:4: 953 daAuts
     D:1: 910 daAuts
     D:2: 870 daAuts
     D:3: 489 daAuts
     D:5: 248 daAuts
